 Dungeon Crawl Stone Soup version 0.21-a0-525-ga34b322 (webtiles) character file.

919 Amnesiac the Shooter (level 7, -2/54 HPs)
             Began as a Mummy Hunter on Dec 7, 2017.
             Shot with an arrow by a centaur (13 damage)
             ... on level 5 of the Dungeon.
             The game lasted 00:06:18 (4738 turns).

Amnesiac the Shooter (Mummy Hunter)                 Turns: 4738, Time: 00:06:19

Health: -2/54      AC:  6    Str: 17    XL:     7   Next: 83%
Magic:  7/7        EV: 12    Int: 10    God:
Gold:   254        SH:  0    Dex: 13    Spells: 6/6 levels left

rFire    x . .     SeeInvis .   a - +1 shortbow
rCold    + . .     Gourm    .   (shield currently unavailable)
rNeg     + + +     Faith    +   n - +0 ring mail
rPois    ∞         Spirit   .   (no helmet)
rElec    .         Reflect  .   t - +0 cloak
rCorr    .         Harm     .   (no gloves)
MR       .....                  (no boots)
Stlth    +.........             f - amulet of faith
HPRegen  0.18/turn              (no ring)
MPRegen  0.10/turn              (no ring)

@: about to teleport
A: no food or potions, fire vulnerability, cold resistance 1, negative energy
resistance 3, torment resistance, unbreathing
a: no special abilities


You were on level 5 of the Dungeon.
You were not hungry.

You visited 1 branch of the dungeon, and saw 5 of its levels.

You collected 254 gold pieces.

Inventory:

Hand Weapons
 a - a +1 shortbow (weapon)
 b - a +0 short sword
 o - a +0 mace
 p - a +0 scythe of venom
 u - a +3 hunting sling
Missiles
 e - 36 poisoned needles
 k - 24 arrows (quivered)
Armour
 i - a +0 shield
 n - a +0 ring mail (worn)
 q - a +1 robe of magic resistance
 t - a +0 cloak (worn)
 v - a cursed +0 leather armour
Jewellery
 f - an amulet of faith (around neck)
Scrolls
 c - 2 scrolls of identify {!r}
 d - a scroll of magic mapping {!r, unknown}
 g - 2 scrolls of teleportation {!r}
 h - a scroll of random uselessness {!r, unknown}
 j - 3 scrolls of remove curse {!r}
 l - a scroll of fog {!r, unknown}
 m - 2 scrolls of enchant armour {!r}
 r - 2 scrolls of fear {!r, unknown}
 s - a scroll of immolation {!r, unknown}


   Skills:
 + Level 4.3 Fighting
 * Level 5.6 Bows
 + Level 3.5 Armour
 + Level 3.5 Dodging
 - Level 0.7 Stealth


You had 6 spell levels left.
You didn't know any spells.

Dungeon Overview and Level Annotations

Branches:
Dungeon (5/15)
 Temple: D:4-7

Altars:
Yredelemnul


Innate Abilities, Weirdness & Mutations

You do not eat or drink.
Your flesh is vulnerable to fire.
You are immune to poison.
Your flesh is cold resistant. (rC+)
You are immune to negative energy. (rN+++)
You are immune to unholy pain and torment.
You can survive without breathing.


Message History

Aim: an ogre, wielding a giant club (severely wounded)
You shoot an arrow. The arrow hits the ogre.
The ogre is almost dead.
The ogre barely misses you.
Firing (i - inventory):
k - 31 arrows (quivered)
Press: ? - help, Shift-Dir - straight line, f/p - ogre
Aim: an ogre, wielding a giant club (almost dead)
You shoot an arrow. The arrow hits the ogre.
You kill the ogre!
No target in view!
No target in view!
You start resting.
A centaur comes into view.
Firing (i - inventory):
k - 30 arrows (quivered)
Press: ? - help, Shift-Dir - straight line, f - centaur
Aim: a centaur (hasn't noticed you)
You shoot an arrow. The arrow closely misses the centaur.
The centaur shouts!
The centaur wields a glowing shortbow.
It is covered in frost.
The centaur shoots an arrow.
The arrow closely misses you.
Firing (i - inventory):
k - 29 arrows (quivered)
Press: ? - help, Shift-Dir - straight line, f/p - centaur
Aim: a centaur, wielding a shortbow of freezing You shoot an arrow.
The arrow hits the centaur!
The centaur is moderately wounded.
The centaur shoots an arrow.
The arrow closely misses you.
Firing (i - inventory):
k - 28 arrows (quivered)
Press: ? - help, Shift-Dir - straight line, f/p - centaur
Aim: a centaur, wielding a shortbow of freezing (moderately wounded)
You shoot an arrow.
The arrow completely misses the centaur.
The centaur shoots an arrow.
The arrow hits you. The arrow freezes you.
The centaur shoots an arrow.
The arrow misses you.
Firing (i - inventory):
k - 27 arrows (quivered)
Press: ? - help, Shift-Dir - straight line, f/p - centaur
Aim: a centaur, wielding a shortbow of freezing (moderately wounded)
You shoot an arrow. The arrow barely misses the centaur.
The centaur shoots an arrow.
The arrow hits you. The arrow freezes you.
Firing (i - inventory):
k - 26 arrows (quivered)
Press: ? - help, Shift-Dir - straight line, f/p - centaur
Aim: a centaur, wielding a shortbow of freezing (moderately wounded)
You shoot an arrow. The arrow closely misses the centaur.
The centaur shoots an arrow.
The arrow hits you!
* * * LOW HITPOINT WARNING * * *
The arrow freezes you.
* * * LOW HITPOINT WARNING * * *
The centaur shoots an arrow.
The arrow barely misses you.
Firing (i - inventory):
k - 25 arrows (quivered)
Press: ? - help, Shift-Dir - straight line, f/p - centaur
Aim: a centaur, wielding a shortbow of freezing (moderately wounded)
You shoot an arrow. The arrow hits the centaur.
The centaur is heavily wounded.
The centaur shoots an arrow.
The arrow hits you.
* * * LOW HITPOINT WARNING * * *
You are too injured to fight recklessly!
You are too injured to fight recklessly!
You can't drink.
You aren't carrying any items that you can evoke without wielding.
Unknown command.
Okay, then.
Really read
g - 3 scrolls of teleportation {!r}?
As you read the scroll of teleportation {!r}, it crumbles to dust.
You feel strangely unstable.
The centaur shoots an arrow.
The arrow hits you!
You die...

#.........#
#c(.......
#.(.......
#......... .#
#...(.... .#
#......# .#
#....).# .#
#.....@# .#
#......#
.##########......#
..........#......#
........#.###.####
........#.# #.#
..†.....#.# #.#
>.......#.###.#
.....#........#


You could see a centaur.

Vanquished Creatures
  Sigmund (D:3)
  An ice beast (D:2)
  An ogre (D:5)
  3 scorpions (D:4)
  A hound (D:5)
  A bullfrog skeleton (D:4)
  An orc priest (D:3)
  Jessica (D:2)
  Natasha (thrice) (D:2)
  An orc wizard (D:3)
  A worker ant (D:4)
  8 adders
  An ooze (D:4)
  3 worms (D:2)
  4 dart slugs
  A leopard gecko (D:4)
  18 orcs
  2 giant cockroaches
  5 goblins
  11 hobgoblins
  7 kobolds
  5 quokkas (D:2)
  6 bats
  3 frilled lizards
  11 rats
100 creatures vanquished.

Notes
Turn   | Place    | Note
-------+----------+-------------------------------------------
     0 | D:1      | Amnesiac the Mummy Hunter began the quest for the Orb.
     0 | D:1      | Reached XP level 1. HP: 16/16 MP: 1/1
    86 | D:1      | Reached skill level 1 in Armour
   106 | D:1      | Reached XP level 2. HP: 15/22 MP: 2/2
  1056 | D:2      | Reached XP level 3. HP: 20/27 MP: 3/3
  1447 | D:2      | Noticed Jessica
  1459 | D:2      | Killed Jessica
  1459 | D:2      | Reached XP level 4. HP: 22/34 MP: 4/4
  1806 | D:2      | Noticed an ice beast
  1828 | D:2      | Killed an ice beast
  1828 | D:2      | Reached skill level 4 in Bows
  1828 | D:2      | Reached XP level 5. HP: 20/40 MP: 5/5
  1950 | D:2      | Noticed Natasha
  1961 | D:2      | Killed Natasha
  1975 | D:2      | Found a basalt altar of Yredelemnul.
  2062 | D:2      | Noticed Natasha
  2064 | D:2      | Killed Natasha
  2123 | D:2      | Reached XP level 6. HP: 38/47 MP: 6/6
  2568 | D:2      | Noticed Natasha
  2580 | D:2      | Killed Natasha
  2858 | D:3      | Noticed Sigmund
  3477 | D:3      | Killed Sigmund
  3477 | D:3      | Reached XP level 7. HP: 43/52 MP: 7/7
  3558 | D:3      | Reached skill level 5 in Bows
  4642 | D:5      | Entered Level 5 of the Dungeon
  4738 | D:5      | Shot with an arrow by a centaur

Vault maps used:
D:1:      nicolae_arrival_washed_ashore
D:2:      overflow_temple_1_default, kennysheep_jessica_study, uniq_natasha,
          uniq_jessica
D:3:      uniq_sigmund
D:5:      first_bread, uniq_grinder

Skill      XL: |  1  2  3  4  5  6  7 |
---------------+----------------------+-----
Armour         | 1 2 3 |  3.5
Dodging        | 2 3 |  3.5
Bows           | 4 5 |  5.6
Fighting       | 3 4 |  4.3
Stealth        | |  0.7

Action                   |  1- 3 |  4- 6 |  7- 9 || total
-------------------------+-------+-------+-------++-------
Melee: Short sword       |    86 |   112 |       ||   198
 Fire: Shortbow          |    49 |   106 |   140 ||   295
  Use: Scroll            |       |     3 |     1 ||     4
Armor: Leather armour    |    25 |    31 |       ||    56
       Ring mail         |       |       |    14 ||    14
Dodge: Dodged            |    68 |   119 |    40 ||   227
Block: Shield            |       |    11 |       ||    11

Table legend:
 A = Spawn XP
 B = Non-spawn XP
 C = Spawn XP percentage of total XP
 D = Spawn monster count
 E = Non-spawn monster count
 F = Spawn count percentage of total count
 G = Total turns spent on level
                    A         B        C        D         E        F      G
               +---------+---------+-------+---------+---------+-------+---------
         Total |       0 |    1314 |   0.0 |       0 |     100 |   0.0 |  4738
               +---------+---------+-------+---------+---------+-------+---------
           D:1 |       0 |      35 |   0.0 |       0 |      18 |   0.0 |  1007
           D:2 |       0 |     400 |   0.0 |       0 |      36 |   0.0 |  1826
           D:3 |       0 |     394 |   0.0 |       0 |      27 |   0.0 |  1082
           D:4 |       0 |     323 |   0.0 |       0 |      16 |   0.0 |   727
           D:5 |       0 |     162 |   0.0 |       0 |       3 |   0.0 |    96
               +---------+---------+-------+---------+---------+-------+---------
